 Dungeon Crawl Stone Soup version 0.30.0-29-ga12c61a403 (webtiles) character file.

Game seed: 18123191512081510201

32 qw the Chopper (level 3, -3/23 HPs)
             Began as a Gargoyle Fighter on June 3, 2023.
             Slain by a gnoll
             ... wielding a +0 club
              (4 damage)
             ... on level 2 of the Dungeon.
             The game lasted 00:00:26 (707 turns).

qw the Chopper (Gargoyle Fighter)                    Turns: 707, Time: 00:00:27

Health: -3/23      AC: 11    Str: 21    XL:     3   Next: 27%
Magic:  3/3        EV:  9    Int:  8    God:
Gold:   54         SH:  4    Dex:  9    Spells: 2/2 levels left

rFire   . . .        Y - +0 war axe
rCold   . . .        c - +0 buckler
rNeg    + . .        b - +0 scale mail
rPois   inf          g - +0 helmet
rElec   +            (no cloak)
rCorr   .            (no gloves)
SInv    .            (no boots)
Will    .....        (no amulet) Stlth
                     (no ring)
HPRegen 0.23/turn    (no ring)
MPRegen 0.08/turn

%: no passive effects
@: about to teleport
A: sickness immunity, AC +3, negative energy resistance 1, electricity
resistance, torment resistance 1, petrification resistance
a: no special abilities


You were on level 2 of the Dungeon.
You visited 1 branch of the dungeon, and saw 2 of its levels.

You collected 54 gold pieces.


Innate Abilities, Weirdness & Mutations

You are immune to sickness and miasma.
Your stone body is resilient. (AC +3)
You are immune to poison.
You resist negative energy. (rN+)
You are resistant to electric shocks. (rElec)
You are resistant to unholy torment.
You are immune to petrification.


   Skills:
 - Level 3.2 Fighting
 + Level 3.3 Axes
 - Level 3.2 Armour
 - Level 3.2 Shields


You had 2 spell levels left.
You didn't know any spells.
Your spell library was empty.

Inventory:

Hand Weapons
 i - a +0 club
 Y - a +0 war axe (weapon)
Armour
 b - a +0 scale mail (worn)
 c - a +0 buckler (worn)
 g - a +0 helmet (worn)
Potions
 a - a potion of mutation {unknown}
 d - a potion of might
 f - a potion of lignification {unknown}
 h - a potion of curing {unknown}
 l - a potion of heal wounds {unknown}
 m - a potion of brilliance {unknown}

Dungeon Overview and Level Annotations

Branches:
Dungeon (2/15)

Altars:


Message History

The gnoll closely misses you. The gnoll barely misses you.
You barely miss the gnoll.
The gnoll is heavily wounded.
You hit the gnoll. The gnoll hits you but does no damage.
The gnoll hits you with a +0 spear.
The gnoll hits you but does no damage. x3
You slash the gnoll!
You kill the gnoll!
You closely miss the gnoll. The gnoll barely misses you.
The gnoll hits you but does no damage.
You have reached level 3!
Your experience leads to an increase in your attributes!
Increase (S)trength, (I)ntelligence, or (D)exterity?
You feel stronger. x2
You barely miss the gnoll.
The gnoll is lightly wounded.
The gnoll hits you but does no damage. x2
You hit the gnoll.
The gnoll is heavily wounded.
The gnoll hits you but does no damage.
The gnoll hits you from afar with a +0 halberd. x2
The gnoll hits you but does no damage.
You barely miss the gnoll.
The gnoll is heavily wounded.
The gnoll hits you with a +0 club.
A gnoll comes into view. It is wielding a +0 club.
The gnoll hits you from afar with a +0 halberd.
705 ||| READING scroll of teleportation.
As you read the scroll of teleportation, it crumbles to dust.
You feel strangely unstable. You block the gnoll's attack.
The gnoll hits you from afar with a +0 halberd.
You hit the gnoll but do no damage.
The gnoll is heavily wounded.
The gnoll barely misses you.
The gnoll hits you from afar with a +0 halberd.
You hit the gnoll.
The gnoll is almost dead.
The gnoll hits you with a +0 club.
You die...

.. #.# .# #..# # ..
##..# .# #. #..# ..
#.##.###.# #%#......# #
#.....##########.#
###.....#...)....#
######..##%#...@gg..#
##......###..?..g.......
........................
<...#..######.......###.
...>..## #.......#
....### #.......# ....#
#.......# ....#
#.......# ....#
#########


You could see 3 gnolls.

Vanquished Creatures
  A gnoll (D:2)
  A dart slug (D:1)
  2 bats (D:1)
  An endoplasm (D:1)
  2 goblins (D:1)
  3 hobgoblins
  2 quokkas (D:1)
  A ball python (D:1)
  2 frilled lizards (D:2)
  3 kobolds (D:1)
  2 rats
20 creatures vanquished.

Notes
Turn   | Place    | Note
-------+----------+-------------------------------------------
     0 | D:1      | qw the Gargoyle Fighter began the quest for the Orb.
     0 | D:1      | Reached XP level 1. HP: 14/14 MP: 1/1
     0 | D:1      | 0 ||| qw: Version: 0.2-a-103-g5a998e5
     0 | D:1      | 0 ||| qw: Game counter: 1077
     0 | D:1      | 0 ||| qw: Always use a shield: true
     0 | D:1      | 0 ||| qw: God list: Okawaru
     0 | D:1      | 0 ||| qw: Allow faded altars: false
     0 | D:1      | 0 ||| qw: Do Orc after D:15 true
     0 | D:1      | 0 ||| qw: Do second Lair branch before Depths: true
     0 | D:1      | 0 ||| qw: Lair rune preference: random
     0 | D:1      | 0 ||| qw: Plans: Normal, Zot:1-4, Slime:5, God:TSO, Crypt,
                  | Tomb, Pan, Hells, Abyss, Win
     0 | D:1      | 0 ||| PLANNING D:1-11
   146 | D:1      | Reached XP level 2. HP: 19/19 MP: 2/2
   304 | D:1      | 304 ||| Stepping ~*~*~tactically~*~*~ (stealth).
   629 | D:1      | 629 ||| UPGRADING to +0 helmet.
   634 | D:1      | 634 ||| READING scroll labelled IKLIRPH EKHLAYV.
   635 | D:1      | 635 ||| READING scroll labelled BOSECI NIEJO.
   636 | D:1      | 636 ||| READING 2 scrolls labelled IDIUTOJOSK.
   663 | D:2      | Reached skill level 3 in Axes
   670 | D:2      | 670 ||| Stepping ~*~*~tactically~*~*~ (stealth).
   681 | D:2      | 681 ||| Stepping ~*~*~tactically~*~*~ (stealth).
   702 | D:2      | Reached XP level 3. HP: 21/23 MP: 3/3
   704 | D:2      | HP: 3/23 [gnoll/+0 halberd (5)]
   705 | D:2      | 705 ||| READING scroll of teleportation.
   705 | D:2      | HP: 1/23 [gnoll/+0 halberd (2)]
   707 | D:2      | Slain by a gnoll

Levels and vault maps discovered:
D:1:      dpeg_arrival_simpleton_c, layout_basic
D:2:      layout_rooms, uniq_terence

Skill      XL: |  1  2 |
---------------+-------+-----
Axes           | 2 3 |  3.3
Fighting       | |  3.2
Armour         | |  3.2
Shields        | |  3.2

Action                     || total
---------------------------++-------
  Melee: War axe           ||    70
    Use: Scroll            ||     4
 Armour: Scale mail        ||    34
  Dodge: Dodged            ||    35
  Block: Buckler           ||    13

Table legend:
 A = Non-vault XP
 B = Vault XP
 C = Vault XP percentage of total XP
 D = Non-vault monster count
 E = Vault monster count
 F = Vault count percentage of total count
                 A         B        C        D         E       F
            +---------+---------+-------+---------+---------+-------
      Total |      47 |       0 |   0.0 |      20 |       0 |   0.0
            +---------+---------+-------+---------+---------+-------
        D:1 |      28 |       0 |   0.0 |      15 |       0 |   0.0
        D:2 |      19 |       0 |   0.0 |       5 |       0 |   0.0
            +---------+---------+-------+---------+---------+-------
